 Dungeon Crawl Stone Soup version 0.27-a0-1334-g2746e35aca (webtiles) character file.

Game seed: 14201222824992920485

8522 HAL9000 the Covert (level 11, -5/51 HPs)
             Began as a Vine Stalker Brigand on June 25, 2021.
             Was a Follower of Uskayaw.
             Slain by a seven-headed hydra (9 damage)
             ... on level 11 of the Dungeon on June 26, 2021.
             The game lasted 00:34:57 (12005 turns).

HAL9000 the Covert (Vine Stalker Brigand)          Turns: 12005, Time: 00:34:58

Health: -5/51      AC: 10    Str: 15    XL:     11   Next: 32%
Magic:  0/26       EV: 11    Int: 12    God:    Uskayaw [*.....]
Gold:   483        SH:  0    Dex: 17    Spells: 5/17 levels left

rFire    . . .     SeeInvis .   H - +1 scimitar (flame)
rCold    + . .     Faith    .   (no shield)
rNeg     . . .     Spirit   +   e - +3 leather armour {rC+}
rPois    .         Reflect  .   k - +0 helmet
rElec    .         Harm     .   c - +0 cloak
rCorr    .         Rampage  .   N - +1 pair of gloves
Will     ++...                  (no boots)
Stlth    +++++.....             (no amulet)
HPRegen  1.17/turn              q - ring of magical power
MPRegen  0.20/turn              z - ring of willpower

@: no status effects
A: fangs 3, regeneration 1, magic shield, antimagic bite, no potion heal 2
a: Renounce Religion, Stomp


You were on level 11 of the Dungeon.
You worshipped Uskayaw.
Uskayaw was noncommittal.
You visited 2 branches of the dungeon, and saw 12 of its levels.
You also visited: Sewer.

You collected 686 gold pieces.
You spent 203 gold pieces at shops.

Inventory:

Hand Weapons
 b - a +4 dagger
 g - the +3 hunting sling "Mejul" {flame, Str+2}
   (You found it on level 7 of the Dungeon)

   It causes projectiles fired from it to burn those they strike, causing extra
   injury to most foes and up to half again as much damage against particularly
   susceptible opponents.
   It affects your strength (+2).
 G - a +0 dagger of holy wrath
 H - a +1 scimitar of flaming (weapon)
 K - a +4 dagger of venom
 O - the +4 dagger of Hard Scrabble {pain, Str+5}
   (You bought it in a shop on level 9 of the Dungeon)

   In the hands of one skilled in necromantic magic, it inflicts extra damage on
   living creatures.
   It affects your strength (+5).
Missiles
 d - 37 poisoned darts (quivered)
 j - 2 throwing nets
 y - 3 boomerangs
 D - 2 boomerangs of dispersal
 S - 2 curare-tipped darts
Armour
 c - a +0 cloak (worn)
 e - a +3 leather armour of cold resistance (worn)
 k - a +0 helmet (worn)
 p - a +1 leather armour of fire resistance
 L - a +2 robe of resistance
 N - a +1 pair of gloves (worn)
Jewellery
 q - a ring of magical power (left hand)
 z - a ring of willpower (right hand)
Wands
 a - a wand of charming (4)
 w - a wand of iceblast (16)
 P - a wand of flame (18)
Scrolls
 r - a scroll of enchant armour {unknown}
 s - 2 scrolls of vulnerability {unknown}
 t - a scroll of immolation {unknown}
 v - 4 scrolls of noise {unknown}
 x - 2 scrolls of magic mapping {unknown}
 B - 5 scrolls of brand weapon {unknown}
 C - 3 scrolls of holy word
 E - 3 scrolls of teleportation
 F - 3 scrolls of blinking
 M - a scroll of amnesia {unknown}
 R - 3 scrolls of fear {unknown}
Potions
 f - 2 potions of flight
 h - a potion of might
 i - 7 potions of curing
 l - 3 potions of lignification
 m - 3 potions of attraction
 n - 2 potions of ambrosia
 o - a potion of berserk rage {unknown}
 u - a potion of magic
 A - 3 potions of invisibility
 I - 2 potions of heal wounds
 J - a potion of brilliance
 Q - 2 potions of haste {unknown}
Miscellaneous
 T - a tin of tremorstones (2/2)


   Skills:
 + Level 2.5 Fighting
 - Level 9.0 Short Blades
 - Level 3.0 Throwing
 - Level 0.7 Dodging
 - Level 11.2 Stealth
 - Level 3.5 Spellcasting
 - Level 10.0 Hexes
 - Level 4.1 Translocations


You had 5 spell levels left.
You knew the following spells:

 Your Spells              Type           Power      Damage    Failure   Level
a - Confusing Touch       Hex            26%        N/A       1%          3
b - Tukima's Dance        Hex            26%        N/A       1%          3
c - Cause Fear            Hex            13%        N/A       4%          4
d - Blink                 Tloc           N/A        N/A       8%          2

Your spell library contained the following spells:

 Spells                   Type           Power      Damage    Failure   Level
 Corona                   Hex            28%        N/A       1%          1
 Slow                     Hex            26%        N/A       1%          2
 Portal Projectile        Hex/Tloc       38%        N/A       4%          3
 Ensorcelled Hibernation  Hex/Ice        28%        N/A       5%          2
 Dazzling Flash           Conj/Hex       28%        N/A       11%         3
 Inner Flame              Hex/Fire       14%        N/A       11%         3
 Magic Dart               Conj           8%         1d3       28%         1
 Sting                    Tmut/Pois      8%         1d3       28%         1
 Leda's Liquefaction      Hex/Erth       7%         N/A       36%         4
 Call Imp                 Summ           2%         N/A       41%         2
 Conjure Flame            Conj/Fire      2%         6-21      65%         3
 Mephitic Cloud           Conj/Pois/Air  2%         N/A       65%         3
 Silence                  Hex/Air        7%         N/A       71%         5
 Dragon Form              Tmut           1%         N/A       100%        7


Dungeon Overview and Level Annotations

Branches:
Dungeon (11/15)            Temple (1/1) D:7            Lair (0/6) D:9
    Orc (0/2) D:9           Sewer (visited)

Altars:
Ashenzari
Cheibriados
Dithmenos
Elyvilon
Fedhas
Gozag
Hepliaklqana
Kikubaaqudgha
Makhleb
Nemelex Xobeh
Okawaru
Qazlal
Ru
Sif Muna
Trog
Uskayaw
Vehumet
Wu Jian
Xom
Yredelemnul
Zin
The Shining One

Shops:
D:5 *   D:9 (

Annotations:
D:10 1 runed translucent door, Torax's ghost, journeyman DgGl


Innate Abilities, Weirdness & Mutations

You have razor-sharp teeth.
Your natural rate of healing is unusually fast.
When hurt, damage is shared between your health and your magic reserves.
Your bite disrupts and absorbs the magic of your enemies.
Potions cannot restore your health.


Message History

A komodo dragon comes into view.
The komodo dragon hisses angrily.
You barely miss the seven-headed hydra. The seven-headed hydra bites you!
The seven-headed hydra bites you but does no damage.
The seven-headed hydra closely misses you.
The seven-headed hydra bites you. The seven-headed hydra bites you!
The seven-headed hydra bites you but does no damage.
The seven-headed hydra bites you! x3
The seven-headed hydra bites you but does no damage.
The seven-headed hydra bites you!
* * * LOW HITPOINT WARNING * * *
The seven-headed hydra barely misses you.
The seven-headed hydra bites you but does no damage. x2
There is a stone staircase leading up here.
Okay, then.
Okay, then.
Okay, then.
Casting: Confusing Touch (safe; 1% risk of failure)
Confirm with . or Enter, or press ? or * to list all spells.
Okay, then.
Unknown command.
Casting: Confusing Touch (safe; 1% risk of failure)
Confirm with . or Enter, or press ? or * to list all spells.
The seven-headed hydra resists with some effort.
The komodo dragon looks frightened!
A two-headed ogre comes into view.
It is wielding a +0 giant club and a +0 giant spiked club.
Unknown command.
Unknown command.
The seven-headed hydra misses you.
You riposte.
You barely miss the seven-headed hydra. You bite the seven-headed hydra!
You drain its power.
You feel invigorated.
The seven-headed hydra is lightly wounded.
The seven-headed hydra bites you!
* * * LOW HITPOINT WARNING * * *
The seven-headed hydra bites you.
* * * LOW HITPOINT WARNING * * *
The seven-headed hydra bites you.
* * * LOW HITPOINT WARNING * * *
The seven-headed hydra bites you!
You die...

+#...#
##..(..
.......
....O..
.....l.
#.....###
#'.##
#.D.#
##.@#
####


You could see a seven-headed hydra, a two-headed ogre and a komodo dragon
(fleeing).

Vanquished Creatures
  Erica (D:10)
  A two-headed ogre (D:10)
  A gargoyle (D:11)
  2 trolls
  A hornet (D:9)
  3 slime creatures (D:10)
  A shadow (D:10)
  6 yaks (D:9)
  A wraith (D:10)
  A wyvern (D:10)
  2 wargs (D:9)
  A water moccasin (D:9)
  Duvessa (D:4)
  2 ice beasts
  5 orc warriors
  2 necrophages (D:4)
  3 ogres
  4 centaurs
  6 kobold brigands
  2 bullfrogs (D:8)
  A water moccasin zombie (D:5)
  2 scorpions (D:5)
  Dowan (D:4)
  2 water moccasin skeletons
  10 killer bees
  3 wights
  3 howler monkeys
  3 bullfrog zombies
  A jelly (D:7)
  2 centaur zombies (D:7)
  3 hounds
  6 orc priests
  An iguana (D:5)
  Terence (D:3)
  8 orc wizards
  3 howler monkey zombies
  19 gnolls
  14 adders
  3 river rats (Sewer)
  3 shadow imps
  2 white imps
  2 ufetubi
  An adder skeleton (D:2)
  4 worms
  A dart slug (D:1)
  33 orcs
  6 ball pythons
  15 endoplasms
  5 giant cockroaches
  6 goblins
  5 hobgoblins
  2 jackals (D:3)
  A quokka (D:4)
  6 bats
  6 frilled lizards
  20 kobolds
  7 rats
257 creatures vanquished.

Vanquished Creatures (others)
  A fungus (D:9)
  10 plants (D:11)
  2 withered plants (D:10)
13 creatures vanquished.

Grand Total: 270 creatures vanquished

Notes
Turn   | Place    | Note
-------+----------+-------------------------------------------
     0 | D:1      | HAL9000 the Vine Stalker Brigand began the quest for the
                  | Orb.
     0 | D:1      | Reached XP level 1. HP: 11/11 MP: 2/2
   279 | D:1      | Reached XP level 2. HP: 15/15 MP: 3/3
   907 | D:2      | Reached XP level 3. HP: 18/18 MP: 4/4
   917 | D:2      | Reached skill level 5 in Stealth
  1764 | D:2      | Reached skill level 6 in Stealth
  1764 | D:2      | Gained mutation: Your natural rate of healing is unusually
                  | fast. [Vine Stalker growth]
  1764 | D:2      | Reached XP level 4. HP: 14/23 MP: 3/5
  2014 | D:2      | Found a faded altar of an unknown god.
  2498 | D:3      | Reached skill level 7 in Stealth
  2498 | D:3      | Reached XP level 5. HP: 15/26 MP: 4/6
  2765 | D:3      | Noticed Terence
  2784 | D:3      | Killed Terence
  2935 | D:4      | Noticed an ogre
  2937 | D:4      | Killed an ogre
  2938 | D:4      | Reached XP level 6. HP: 30/30 MP: 7/7
  2942 | D:4      | Learned a level 3 spell: Confusing Touch
  3565 | D:4      | Noticed Duvessa
  3704 | D:4      | Noticed a necrophage
  3724 | D:4      | Killed a necrophage
  3725 | D:4      | Reached skill level 5 in Short Blades
  3725 | D:4      | Reached XP level 7. HP: 31/34 MP: 8/8
  4171 | D:4      | Noticed Dowan
  4212 | D:4      | Killed Duvessa
  4315 | D:4      | Killed Dowan
  4369 | D:5      | Entered Level 5 of the Dungeon
  4441 | D:4      | Gained mutation: You have razor-sharp teeth. [Vine Stalker
                  | growth]
  4441 | D:4      | Reached XP level 8. HP: 9/38 MP: 3/9
  5233 | D:5      | Found Iru Cozo's Assorted Antiques.
  5868 | D:6      | Identified the Collected Works on Bewitchment and
                  | Transmigration
  5976 | D:6      | Found a glowing drain.
  6002 | Sewer    | Entered a sewer
  6241 | Sewer    | Reached skill level 8 in Stealth
  6241 | Sewer    | Reached XP level 9. HP: 39/42 MP: 10/10
  6260 | Sewer    | Learned a level 3 spell: Tukima's Dance
  6406 | Sewer    | Reached skill level 9 in Stealth
  7171 | D:6      | Reached skill level 10 in Stealth
  7672 | D:7      | Reached skill level 11 in Stealth
  7871 | D:7      | Reached skill level 1 in Hexes
  7904 | D:7      | Found a staircase to the Ecumenical Temple.
  8468 | D:7      | Identified the +3 hunting sling "Mejul" {flame, Str+2}
  8558 | D:7      | Found a hazy altar of Hepliaklqana.
  8679 | Temple   | Entered the Ecumenical Temple
  8815 | Temple   | Became a worshipper of Uskayaw the Reveller
  8927 | D:8      | Reached * piety under Uskayaw
  8931 | D:8      | Reached ** piety under Uskayaw
  9609 | D:8      | Reached XP level 10. HP: 46/46 MP: 11/11
  9693 | D:9      | Reached skill level 5 in Hexes
  9694 | D:9      | Found Oczapuhe's Antique Weapon Boutique.
  9699 | D:9      | Bought a dazzling dagger for 203 gold pieces
  9699 | D:9      | Identified the +4 dagger of Hard Scrabble {pain, Str+5}
                  | (You bought it in a shop on level 9 of the Dungeon)
  9769 | D:9      | Found a staircase to the Orcish Mines.
  9811 | D:9      | Reached *** piety under Uskayaw
  9817 | D:9      | Reached **** piety under Uskayaw
  9940 | D:9      | Found a staircase to the Lair.
 10026 | D:9      | Paralysed by a hornet for 1 turns
 10260 | D:9      | Reached skill level 1 in Spellcasting
 10601 | D:9      | Upgraded the game from 0.27-a0-1331-g60ef6b6952 to
                  | 0.27-a0-1334-g2746e35aca
 10737 | D:10     | Entered Level 10 of the Dungeon
 10749 | D:10     | Noticed Erica
 10771 | D:10     | Killed Erica
 10839 | D:10     | Learned a level 4 spell: Cause Fear
 10842 | D:10     | Learned a level 2 spell: Blink
 10892 | D:10     | Noticed a two-headed ogre
 10903 | D:10     | Killed a two-headed ogre
 10904 | D:10     | Reached XP level 11. HP: 50/50 MP: 17/17
 10937 | D:10     | Found a runed translucent door.
 10939 | D:10     | Noticed Torax's ghost (journeyman DgGl)
 10959 | D:10     | Reached skill level 10 in Hexes
 11073 | D:10     | Reached skill level 1 in Translocations
 11681 | D:10     | Reached ***** piety under Uskayaw
 11996 | D:11     | Noticed a seven-headed hydra
 12004 | D:11     | Noticed a two-headed ogre
 12005 | D:11     | Slain by a seven-headed hydra

Illustrated notes

Levels and vault maps discovered:
D:1:      minmay_arrival_floating_metal, layout_loops_ring,
          minmay_misc_feat_rows, grunt_decor_arrowhead
D:2:      layout_rooms, hellmonk_ecumenical_altar_inner_sanctum,
          minmay_fountain_box, minmay_hexomino_c4
D:3:      layout_basic, lemuel_another_geyser, uniq_terence
D:4:      cheibrodos_barr_body, layout_loops_ring, minmay_misc_feat_five,
          uniq_duvessa
D:5:      layout_basic, serial_shops, nicolae_shop_stone, minmay_diced_spiral
D:6:      layout_gridville, cheibrodos_sewer_entry_bend,
          minmay_misc_feat_nine_boxes, abandoned_shop,
          chequers_serial_rivers_micro_d, mrwooster_statue_mirror
D:7:      layout_rooms, nzn_hepliaklqana_mist_gate, lemuel_temple_firewalk_b
D:8:      layout_basic
D:9:      layout_basic, dpeg_oklobed_lair, david_orc_1_choice, serial_shops,
          kennysheep_little_box, grunt_decor_mini_mirrors
D:10:     layout_rooms, gammafunk_ghost_grave, grunt_decor_clamped, uniq_erica
D:11:     nzn_winding_woodlands_stair_cross [nzn_winding_woodlands_5x15_twine,
          nzn_winding_woodlands_center_lodge,
          nzn_winding_woodlands_5x15_lazy_stream,
          nzn_winding_woodlands_5x5_closed_star,
          nzn_winding_woodlands_5x5_default,
          nzn_winding_woodlands_5x15_river_crossing,
          nzn_winding_woodlands_center_garden,
          nzn_winding_woodlands_5x15_split_checker], layout_irregular_city,
          grunt_ministairs_6, statue_in_the_mist_lemuel, chequers_jeans,
          uniq_urug
Temple:   kilobyte_greek_temple

Skill      XL: |  1  2  3  4  5  6  7  8  9 10 11 |
---------------+----------------------------------+-----
Throwing       | 2 3 |  3.0
Stealth        | 6 7 8 11 | 11.2
Short Blades   | 3 5 7 9 |  9.0
Hexes          | 4 9 10 | 10.0
Spellcasting   | 3 |  3.5
Translocations | 4 |  4.1
Fighting       | 2 |  2.5
Dodging        | |  0.7

Action                   |  1- 3 |  4- 6 |  7- 9 | 10-12 || total
-------------------------+-------+-------+-------+-------++-------
Melee: Dagger            |    80 |   155 |   649 |   249 ||  1133
       Bite              |    14 |    46 |   194 |   104 ||   358
       Scimitar          |       |       |       |     1 ||     1
Throw: Dart              |    13 |    24 |    78 |    20 ||   135
       Throwing net      |       |       |       |     3 ||     3
 Cast: Tukima's Dance    |       |       |       |     5 ||     5
       Confusing Touch   |       |       |       |     5 ||     5
       Cause Fear        |       |       |       |     1 ||     1
Invok: Line Pass         |       |       |       |     1 ||     1
  Use: Scroll            |       |     4 |     6 |     2 ||    12
 Stab: Sleeping          |    16 |     8 |    12 |     6 ||    42
       Distracted        |       |       |     1 |       ||     1
       Paralysed         |       |       |       |     4 ||     4
       Held in net/web   |       |       |       |     2 ||     2
       Confused          |       |       |       |     7 ||     7
Armor: Robe              |    22 |    26 |    13 |       ||    61
       Leather armour    |       |       |   103 |    71 ||   174
Dodge: Dodged            |    24 |    70 |   198 |    88 ||   380
       Rpst.: Scimitar   |       |       |       |     1 ||     1

Table legend: (Time is in decaauts)
 A = Elapsed time spent in this place.
 B = Non-inter-level travel time spent in this place.
 C = Inter-level travel time spent in this place.
 D = Time resting spent in this place.
 E = Time spent auto-exploring this place.
 F = Levels seen in this place.
 G = Mean time per level.
                   A        B        C        D        E       F      G
               +--------+--------+--------+--------+--------+-----+--------+
         Total |  11779 |  11154 |    625 |   1219 |   7303 |  13 |  906.1 |
       Dungeon |  10724 |  10131 |    593 |   1112 |   6670 |  11 |  974.9 |
        Temple |    169 |    137 |     32 |      0 |    120 |   1 |  169.0 |
         Sewer |    884 |    884 |      0 |    107 |    512 |   1 |  884.0 |
               +--------+--------+--------+--------+--------+-----+--------+

Top non-repeatable levels by time:
     D:4: 1508 daAuts
     D:5: 1245 daAuts
     D:6: 1222 daAuts
    D:10: 1177 daAuts
     D:2: 1168 daAuts
     D:9: 1002 daAuts
     D:1: 913 daAuts
     D:3: 896 daAuts
   Sewer: 884 daAuts
     D:7: 790 daAuts
     D:8: 761 daAuts
  Temple: 169 daAuts
    D:11: 38 daAuts
